 Dungeon Crawl Stone Soup version 0.30.1-11-g7821555f0a (webtiles) character file.

Game seed: 15661887225100570388

50 aaadecentral the Digger (level 3, -2/24 HPs)
             Began as a Demonspawn Earth Elementalist on Jan 5, 2024.
             Slain by a gnoll
             ... wielding a +0 club
              (4 damage)
             ... on level 2 of the Dungeon.
             The game lasted 00:03:24 (1939 turns).

aaadecentral the Digger (DsEE)                      Turns: 1939, Time: 00:03:24

Health: -2/24      AC:  5    Str:  8    XL:     3   Next: 55%
Magic:  0/6        EV: 12    Int: 16    God:
Gold:   122        SH:  0    Dex: 15    Spells: 1/7 levels left

rFire   . . .        j - +0 dagger
rCold   . . .        (no shield)
rNeg    . . .        a - +0 robe
rPois   .            (no helmet)
rElec   .            (no cloak)
rCorr   .            (no gloves)
SInv    .            e - +2 pair of boots
Will    .....        (no amulet)
Stlth   ++           (no ring)
HPRegen 0.24/turn    (no ring)
MPRegen 0.10/turn

%: no passive effects
@: no status effects
A: powered by death 1
a: no special abilities


You were on level 2 of the Dungeon.
You visited 1 branch of the dungeon, and saw 3 of its levels.

You collected 122 gold pieces.

Inventory:

Hand Weapons
 j - a +0 dagger (weapon)
Missiles
 c - 2 javelins
Armour
 a - a +0 robe (worn)
 e - a +2 pair of boots (worn)
Jewellery
 l - a +5 ring of evasion
 n - a ring of willpower
Scrolls
 d - 4 scrolls of identify {unknown}
 f - a scroll of fog {unknown}
 g - 2 scrolls of poison {unknown}
 h - 3 scrolls of noise {unknown}
 m - 3 scrolls of teleportation {unknown}
 o - a scroll of enchant armour {unknown}
 p - a scroll of magic mapping {unknown}
 q - a scroll of vulnerability {unknown}
Potions
 b - a potion of magic
 i - 2 potions of ambrosia {unknown}
 k - 2 potions of brilliance {unknown}
 r - a potion of flight {unknown}


   Skills:
 + Level 0.2 Fighting
 + Level 1.9 Dodging
 + Level 2.1 Stealth
 + Level 2.6 Spellcasting
 + Level 0.8 Transmutations
 + Level 3.4 Earth Magic


You had one spell level left.
You knew the following spells:

 Your Spells              Type           Power      Damage    Failure   Level
a - Sandblast             Erth           26%        2d8       4%          1
b - Passwall              Tmut/Erth      7%         N/A       12%         2
c - Stone Arrow           Conj/Erth      14%        3d7       28%         3

Your spell library contained the following spells:

 Spells                   Type           Power      Damage    Failure   Level
 Petrify                  Tmut/Erth      9%         N/A       63%         4


Dungeon Overview and Level Annotations

Branches:
Dungeon (3/15)

Altars:


Innate Abilities, Weirdness & Mutations

You regenerate a little health from kills.


Message History

The gnoll is heavily wounded.
The blast of sand hits the gnoll.
The gnoll is severely wounded.
The gnoll hits you with a +0 whip.
The blast of sand hits the gnoll.
The gnoll is almost dead.
The gnoll hits you with a +0 whip.
Casting: Sandblast (safe; 4% risk of failure)
Confirm with . or Enter, or press ? or * to list all spells.
The spell is extremely dangerous to miscast (28% risk of failure)!
Continue anyway?
Aiming: Stone Arrow (extremely dangerous; 28% risk of failure)
Press: ? - help, Shift-Dir - straight line, f/p - gnoll
Aim: a gnoll, wielding a +0 whip (almost dead, 69% to hit)
You miscast Stone Arrow.
You are very lightly contaminated with residual magic.
Nothing appears to happen.
The gnoll hits you with a +0 whip. The gnoll attacks as you move away!
The gnoll misses you. The gnoll attacks as you move away!
The gnoll hits you with a +0 whip.
* * * LOW HITPOINT WARNING * * *
There is a stone staircase leading up here.
The gnoll hits you with a +0 whip.
* * * LOW HITPOINT WARNING * * *
The gnoll misses you.
Your magical contamination has completely faded away.
There is a stone staircase leading up here.
The gnoll closely misses you. The gnoll hits you with a +0 club.
* * * LOW HITPOINT WARNING * * *
You climb upwards.
There is a stone staircase leading down here.
Casting: Stone Arrow (extremely dangerous; 28% risk of failure)
Confirm with . or Enter, or press ? or * to list all spells.
Aiming: Sandblast (safe; 4% risk of failure)
Press: ? - help, Shift-Dir - straight line, f - gnoll
Aim: a gnoll, wielding a +0 whip (severely wounded, 84% to hit)
The blast of sand hits the gnoll.
The gnoll is almost dead.
The gnoll hits you with a +0 club.
* * * LOW HITPOINT WARNING * * *
The gnoll closely misses you. The gnoll hits you with a +0 club.
You die...

#.##.# #.# ##'##
#.##.###.# #.#
#........# #.#
###...#### ##.##
##.....## ##...##
##.......## #.....#
#...[.....#####...####
#.....g...##..........
#...g@......>#########
##.......#####
##.....## ##...##
#####


You could see 2 gnolls.

Vanquished Creatures
  An adder (D:2)
  A worm (D:2)
  4 bats
  An endoplasm (D:2)
  A giant cockroach (D:2)
  3 goblins
  3 hobgoblins (D:2)
  4 quokkas (D:2)
  5 ball pythons
  3 frilled lizards
  5 kobolds
  4 rats
35 creatures vanquished.

Notes
Turn   | Place    | Note
-------+----------+-------------------------------------------
     0 | D:1      | aaadecentral the Demonspawn Earth Elementalist began the
                  | quest for the Orb.
     0 | D:1      | Reached XP level 1. HP: 13/13 MP: 3/3
   346 | D:1      | Reached skill level 3 in Earth Magic
   436 | D:1      | Gained mutation: You regenerate a little health from kills.
                  | [demonic ancestry]
   436 | D:1      | Reached XP level 2. HP: 19/19 MP: 5/5
   439 | D:1      | Learned a level 2 spell: Passwall
   928 | D:2      | Reached XP level 3. HP: 24/24 MP: 3/6
  1271 | D:2      | Learned a level 3 spell: Stone Arrow
  1284 | D:2      | Found a faded altar of an unknown god.
  1939 | D:2      | Slain by a gnoll

Illustrated notes

Levels and vault maps discovered:
D:1:      tarquinn_simple_flora_water_b, layout_loops_ring,
          minmay_misc_feat_tiny, st_stairs_6
D:2:      layout_loops_corners, chequers_ecumenical_altar_island,
          minmay_divided_ellipse
D:3:      layout_loops_ring, feat_on_display

Skill      XL: |  1  2 |
---------------+-------+-----
Earth Magic    | 3 |  3.4
Stealth        | 2 |  2.1
Fighting       | |  0.2
Dodging        | |  1.9
Spellcasting   | |  2.6
Transmutations | |  0.8

Action                     || total
---------------------------++-------
  Melee: Dagger            ||    27
   Cast: Sandblast         ||    50
   Stab: Sleeping          ||     2
 Armour: Robe              ||    18
  Dodge: Dodged            ||    36
